 Dungeon Sprint DCSS version 0.24.1-14-gf8d2b509d9 (webtiles) character file.

Game seed: 16745014690166847486, levelgen mode: deterministic

11 Baz the Demonic Mishap (level 2, 0/24 HPs)
             Began as a Demonspawn Fighter on Oct 2, 2020.
             Was an Initiate of Qazlal.
             Slain by a tarantella (7 damage)
             ... in the Dungeon (Sprint V: "Ziggurat Sprint").
             The game lasted 00:02:23 (151 turns).

Baz the Demonic Mishap (Demonspawn Fighter)          Turns: 151, Time: 00:02:23

Health: 0/24       AC:  6    Str: 28    XL:     2   Next: 13%
Magic:  7/7        EV:  2    Int:  9    God:    Qazlal [......]
Gold:   0          SH: 28    Dex: 12    Spells: 1/1 levels left

rFire    . . .     SeeInvis .   m - +5 broad axe
rCold    . . .     Gourm    .   l - +18 shield of the Gong {rElec rN+ MR+ EV-5}
rNeg     + . .     Faith    .   b - +0 scale mail
rPois    .         Spirit   .   (no helmet)
rElec    +         Reflect  .   (no cloak)
rCorr    .         Harm     .   (no gloves)
MR       +....     NoTele   +   (no boots)
Stlth    ..........             (no amulet)
HPRegen  0.08/turn              D - +6 ring of strength
MPRegen  0.10/turn              E - +6 ring of strength

@: no status effects
A: talons 1
a: Renounce Religion


You were in the Dungeon.
You worshipped Qazlal.
Qazlal was noncommittal.
You were not hungry.

You visited 1 branch

Inventory:

Hand Weapons
 a - a +0 war axe
 m - a +5 broad axe (weapon)
 w - the cursed +14 obsidian axe {chop, +Fly SInv *Curse}
   (You found it in the Dungeon)

   It inflicts extra damage upon your enemies.
   It lets you see invisible.
   It lets you fly.
   It curses itself when equipped.
   It has a curse placed upon it.
Armour
 b - a +0 scale mail (worn)
 c - a +0 shield
 l - the +18 shield of the Gong (worn) {rElec rN+ MR+ EV-5}
   (You found it in the Dungeon)

   It affects your evasion (-5).
   It insulates you from electricity.
   It protects you from negative energy.
   It affects your resistance to hostile enchantments.
 n - +5 gold dragon scales
 K - the +15 Maxwell's patent armour {-Cast -Tele rElec MR+ rCorr}
   (You found it in the Dungeon)

   It insulates you from electricity.
   It affects your resistance to hostile enchantments.
   It prevents spellcasting.
   It prevents most forms of teleportation.
   It provides partial protection from all sources of acid and corrosion.
Magical Staves
 I - an uncursed staff of energy
Jewellery
 y - an uncursed ring of flight
 z - a +6 ring of dexterity
 A - a +6 ring of dexterity
 B - a +6 ring of intelligence
 C - a +6 ring of intelligence
 D - a +6 ring of strength (left hand)
 E - a +6 ring of strength (right hand)
Wands
 F - a wand of disintegration (7)
 G - a wand of iceblast (7)
 H - a wand of acid (7)
Scrolls
 k - 4 scrolls of blinking
 o - 4 scrolls of amnesia
 p - 7 scrolls of fog
 q - 5 scrolls of identify
 r - 5 scrolls of remove curse
 s - 2 scrolls of fear
Potions
 d - 6 potions of might
 e - 10 potions of curing
 g - 10 potions of heal wounds
 h - 6 potions of haste
 i - 7 potions of magic
 j - 3 potions of berserk rage
 t - 2 potions of brilliance
 u - 2 potions of invisibility
 v - 4 potions of resistance
 x - 5 potions of agility
Miscellaneous
 J - a crystal ball of energy
Comestibles
 f - 7 rations


   Skills:
 + Level 3.0 Fighting
 + Level 1.8 Axes
 + Level 2.7 Armour
 + Level 2.7 Shields
 * Level 9.6 Invocations


You had one spell level left.
You didn't know any spells.
Your spell library was empty.

Dungeon Overview and Level Annotations

Branches:
Dungeon (1/1)

Altars:
Ashenzari
Cheibriados
Dithmenos
Elyvilon
Fedhas
Gozag
Hepliaklqana
Kikubaaqudgha
Makhleb
Nemelex Xobeh
Okawaru
Qazlal
Ru
Sif Muna
Trog
Uskayaw
Vehumet
Wu Jian
Xom
Yredelemnul
Zin
The Shining One
Beogh
Jiyva
Lugonu

Annotations:
D 1 transporter


Innate Abilities, Weirdness & Mutations

You have sharp toenails.


Message History

D - a +6 ring of strength (left hand)
You feel stronger.
E - a +6 ring of strength (right hand) Welcome to arena 2.
You enter the transporter and appear at another place.
A jumping spider, a tarantella and a scorpion come into view.
The tarantella hisses angrily.
Found three items.
Found a transporter.
Unknown command.
Unknown command.
Okay, then.
You slash the tarantella! Your kick misses the tarantella.
The tarantella is heavily wounded.
You hit the jumping spider but do no damage.
You block the tarantella's attack.
GONNNNG!
The jumping spider pounces on you! The jumping spider bites you.
* * * LOW HITPOINT WARNING * * *
The tarantella bites you!
You die...

▓▓▓▓▓▓▓▓▓▓▓▓▓
▓.8©8.▓.8©8.▓
▓.[||.▓.....▓
▓.....▓.).:.▓
▓..s..▓.....▓
▓.ss..▓.....▓
▓..@..▓..©..▓
▓..©..▓▓▓▓▓▓▓
▓▓▓▓▓▓▓


You could see a jumping spider, a tarantella and a scorpion.

Vanquished Creatures
  2 bat skeletons (D)
2 creatures vanquished.

Vanquished Creatures (others)
  2 spatial maelstroms (D)
2 creatures vanquished.

Grand Total: 4 creatures vanquished

Notes
Turn   | Place    | Note
-------+----------+-------------------------------------------
     0 | D        | Baz the Demonspawn Fighter began the quest for the Orb.
     0 | D        | Reached XP level 1. HP: 18/18 MP: 1/1
     1 | D        | Found a blossoming altar of Fedhas.
     2 | D        | Found the +6 Majin-Bo {vamp, Archmagi MP+6 Int+6}
     2 | D        | Found the +7 great mace "Firestarter" {inner flame, rF++}
     2 | D        | Found a viscous altar of Jiyva.
     2 | D        | Found a transporter.
     2 | D        | Found a hazy altar of Hepliaklqana.
     2 | D        | Found an ancient bone altar of Kikubaaqudgha.
     2 | D        | Found an opulent altar of Gozag.
     2 | D        | Found a corrupted altar of Lugonu.
     3 | D        | Found a burning altar of Makhleb.
     4 | D        | Found a stormy altar of Qazlal.
     4 | D        | Found a sacrificial altar of Ru.
     4 | D        | Found an iron altar of Okawaru.
     4 | D        | Found a shimmering blue altar of Sif Muna.
     4 | D        | Found a sparkling altar of Nemelex Xobeh.
     4 | D        | Found a bloodstained altar of Trog.
     9 | D        | Found the +9 heavy crossbow "Sniper" {velocity, Acc+∞ SInv}
     9 | D        | Found the +10 dark maul {crush}
     9 | D        | Found the +15 Maxwell's patent armour {-Cast -Tele rElec
                  | MR+ rCorr}
     9 | D        | Found the +18 shield of the Gong {rElec rN+ MR+ EV-5}
     9 | D        | Found the cursed +14 obsidian axe {chop, +Fly SInv *Curse}
    11 | D        | Found the +6 shillelagh "Devastator" {shatter}
    11 | D        | Found the +11 plutonium sword {*Contam Stlth-}
    11 | D        | Found the +8 lance "Wyrmbane" {slay drac, rPois rF+ rC+
                  | AC+3}
    11 | D        | Found the +9 sword of Zonguldrok {reap}
    11 | D        | Found the cursed +13 scythe of Curses {drain, *Curse}
    11 | D        | Found the +0 sword of Power
    11 | D        | Found the +7 mace of Variability {chain chaos}
    11 | D        | Found the +7 Singing Sword {slice, sonic wave}
    11 | D        | Found the +8 storm bow {elec, penet}
    17 | D        | Banished a spatial maelstrom
    30 | D        | Banished a spatial maelstrom
    41 | D        | Became a worshipper of Qazlal Stormbringer
    54 | D        | Reached skill level 9 in Invocations
    54 | D        | Gained mutation: You have sharp toenails. [demonic
                  | ancestry]
    54 | D        | Reached XP level 2. HP: 24/24 MP: 1/7
   139 | D        | Entered arena 2.
   139 | D        | Found a transporter.
   149 | D        | Entered arena 3.
   149 | D        | Noticed a scorpion
   149 | D        | Noticed a jumping spider
   149 | D        | Noticed a tarantella
   149 | D        | Found a transporter.
   151 | D        | Slain by a tarantella

Levels and vault maps discovered:
D:        sprint_v [room_start, room_1, room_2, room_3, room_4, room_5, room_6,
          room_7, room_8, room_9, room_10, room_11, room_12, room_13, room_14,
          room_15, room_16, room_17, room_18, room_19, room_20, room_21,
          room_22, room_23, room_24, room_25, room_26, room_27]

Skill      XL: |  1 |
---------------+----+-----
Invocations    | 9 |  9.6
Fighting       | |  3.0
Axes           | |  1.8
Armour         | |  2.7
Shields        | |  2.7

Action                   || total
-------------------------++-------
Melee: Broad axe         ||     3
  Use: Potion            ||     1
Armor: Scale mail        ||     2
Block: Shield            ||     4
